 Dungeon Crawl Stone Soup version 0.26.1-10-gdfb7c7de75 (webtiles) character file.

Game seed: 4082433215205112049

38605 tardwrangler69 the Fighter (level 13, -6/123 HPs)
             Began as a Minotaur Fighter on Apr 3, 2021.
             Was a Follower of Uskayaw.
             Mangled by a catoblepas (21 damage)
             ... on level 13 of the Dungeon.
             The game lasted 00:24:07 (16987 turns).

tardwrangler69 the Fighter (Minotaur Fighter)      Turns: 16987, Time: 00:24:08

Health: -6/123     AC: 15    Str: 26    XL:     13   Next: 64%
Magic:  12/12      EV: 22    Int:  7    God:    Uskayaw [*.....]
Gold:   1187       SH: 11    Dex: 20    Spells: 12/12 levels left

rFire    + + .     SeeInvis +   i - +3 short sword (elec)
rCold    + . .     Faith    .   c - +0 kite shield
rNeg     . . .     Spirit   .   C - +2 scale mail {rF+}
rPois    .         Reflect  .   m - +3 crown of Dyrovepreva {rElec Int+2 SInv}
rElec    +         Harm     .   k - scarf {rC+ rF+}
rCorr    .         Rampage  .   I - +0 pair of gloves
Will     .....                  (no boots)
Stlth    +++.......             q - amulet "Jiaz" {Acrobat rElec Dex+4}
HPRegen  0.30/turn              l - +6 ring of strength
MPRegen  0.13/turn              b - +4 ring of evasion

@: no status effects
A: retaliatory headbutt, horns 2
a: Renounce Religion, Stomp


You were on level 13 of the Dungeon.
You worshipped Uskayaw.
Uskayaw was noncommittal.
You visited 2 branches of the dungeon, and saw 16 of its levels.

You collected 1187 gold pieces.

Inventory:

Hand Weapons
 a - a +0 rapier
 i - a +3 short sword of electrocution (weapon)
 r - the +5 lajatang "Fuplistrunoa" {distort, Str-3 Dex+5, unknown}
   (You found it on level 14 of the Dungeon)

   It warps and distorts space around it.
   Unwielding it can cause banishment or high damage.
   It affects your strength (-3).
   It affects your dexterity (+5).
 E - a +4 rapier of holy wrath
Armour
 c - a +0 kite shield (worn)
 k - a scarf of resistance (worn)
 m - the +3 crown of Dyrovepreva (worn) {rElec Int+2 SInv}
   (You found it on level 11 of the Dungeon)

   It affects your intelligence (+2).
   It insulates you from electricity.
   It lets you see invisible.
 s - a +2 chain mail of cold resistance
 C - a +2 scale mail of fire resistance (worn)
 I - a +0 pair of gloves (worn)
Jewellery
 b - a +4 ring of evasion (right hand)
 l - a +6 ring of strength (left hand)
 p - an uncursed ring of protection from cold
 q - the amulet "Jiaz" (around neck) {Acrobat rElec Dex+4}
   (You took it off an orc on level 7 of the Dungeon)

   [amulet of the acrobat]

   It helps you evade while moving and waiting.
   It affects your dexterity (+4).
   It insulates you from electricity.
 D - an uncursed ring of positive energy
 H - an uncursed amulet of guardian spirit {unknown}
 L - an uncursed amulet of magic regeneration {unknown}
 Q - an uncursed ring of protection from fire {unknown}
 X - an uncursed amulet of magic regeneration {unknown}
Wands
 d - a wand of acid (29)
 x - a wand of iceblast (10)
 z - a wand of random effects (22)
 F - a wand of digging (5)
 K - a wand of paralysis (11)
 M - a wand of disintegration (10)
 P - a wand of flame (16)
 S - a wand of enslavement (23)
Scrolls
 e - 2 scrolls of remove curse
 f - 4 scrolls of identify
 h - 4 scrolls of teleportation
 j - 3 scrolls of enchant armour
 y - 2 scrolls of immolation
 A - a scroll of enchant weapon
 B - a scroll of brand weapon {unknown}
 J - 2 scrolls of random uselessness {unknown}
 N - a scroll of blinking {unknown}
 O - a scroll of silence
 T - 3 scrolls of magic mapping
 U - a scroll of noise {unknown}
 W - a scroll of fog
 Y - a scroll of fear
Potions
 g - 4 potions of brilliance
 n - a potion of might
 o - 2 potions of magic
 t - 4 potions of curing
 u - a potion of mutation
 v - a potion of cancellation {unknown}
 w - 2 potions of heal wounds {unknown}
 G - 2 potions of attraction
 R - a potion of haste {unknown}
 V - 2 potions of invisibility {unknown}


   Skills:
 + Level 13.9 Fighting
 - Level 12.0 Short Blades
 + Level 10.2 Armour
 + Level 12.5 Dodging
 - Level 10.0 Stealth
 - Level 4.0 Shields


You had 12 spell levels left.
You didn't know any spells.
Your spell library contained the following spells:

 Spells                   Type           Power        Failure   Level
 Freeze                   Ice            0%           98%         1
 Magic Dart               Conj           0%           98%         1
 Searing Ray              Conj           0%           99%         2
 Dazzling Flash           Conj/Hex       0%           100%        3
 Frozen Ramparts          Ice            0%           100%        3
 Ozocubu's Armour         Ice            0%           100%        3
 Fulminant Prism          Conj/Hex       0%           100%        4
 Hailstorm                Conj/Ice       0%           100%        4
 Iskenderun's Mystic Bla  Conj/Tloc      0%           100%        4
 Summon Ice Beast         Ice/Summ       0%           100%        4


Dungeon Overview and Level Annotations

Branches:
Dungeon (15/15) Temple (1/1) D:5 Lair (0/6) D:11 Orc (0/2) D:11 Vaults (0/5) D:13 D:14 Depths: D:15

Altars:
Ashenzari
Cheibriados
Dithmenos
Elyvilon
Fedhas
Gozag
Hepliaklqana
Kikubaaqudgha
Makhleb
Nemelex Xobeh
Okawaru
Qazlal
Ru
Sif Muna
Trog
Uskayaw
Vehumet
Wu Jian
Xom
Yredelemnul
Zin
The Shining One

Shops:
D:10 *   D:11 [

Annotations:
D:3 3 runed translucent doors, Thatpatchoflichen's ghost, weakling DsIE
D:6 exclusion: downstairs
D:13 3 runed translucent doors, Urug; tardwrangler69's ghost, journeyman MiFi


Innate Abilities, Weirdness & Mutations

You reflexively headbutt those who attack you in melee.
You have a pair of horns on your head.


Message History

You turn to flesh and can move again.
The centaur warrior hits you but does no damage.
The centaur warrior skeleton barely misses you.
You furiously retaliate!
You headbutt the centaur warrior skeleton.
The catoblepas breathes a plume of calcifying dust at you.
The blast of calcifying dust hits you but does no damage.
The blast of calcifying dust hits the centaur warrior skeleton!
The centaur warrior hits you but does no damage.
You block Urug's attack.
You climb upwards.
Level annotation: 3 runed translucent doors, tardwrangler69's ghost, journeyman MiFi
There is a stone staircase leading down, spattered with blood here.
You see here a human skeleton.
Okay, then.
You hit the catoblepas.
The catoblepas is lightly wounded.
The centaur warrior barely misses you. You furiously retaliate!
You headbutt the centaur warrior! The catoblepas gores you!!
You die...

###.##.####.###.#...####.##
##...........# #...### #..#
##..######.#.#####.######.##
###..## #.#†.............#
###...## #..#########.#####
....### ##..# #.# )#### ##.#
#.# .# #o# #.# .### #@## #.#
...## #cY### #.# ##..#####
##÷÷.# ##.## #......##
###.## #...#
###.##..##########..###...#
# #.###...........#..##...#
# #.# #####.....#.[.......#
####.### #..###...........##
.#.....# ##.##
#####...#....##


You could see a catoblepas, Urug and a centaur warrior.

Vanquished Creatures
  Rupert (D:13)
  An entropy weaver (D:12)
  Nessos (D:13)
  A deep elf annihilator (D:11)
  Erolcha (D:12)
  Harold (D:7)
  2 hydras (D:14)
  Fannar (D:12)
  3 boulder beetles
  A centaur warrior (D:14)
  4 two-headed ogres
  A queen ant (D:13)
  A wizard (D:11)
  An unseen horror (D:11)
  2 deep elf magi
  A manticore (D:12)
  An orc sorcerer (D:11)
  A wolf spider (D:14)
  2 cyclopes (D:11)
  Joseph (D:7)
  4 gargoyles
  A kobold demonologist (D:10)
  A troll (D:10)
  3 meliai (D:13)
  2 hornets
  6 slime creatures (D:12)
  A blink frog (shapeshifter) (D:14)
  2 vampires
  A shadow (D:8)
  3 wraiths
  Eustachio (D:7)
  14 humans
  15 yaks
  2 vampire mosquitoes (D:12)
  15 soldier ants
  3 acid dragons
  2 floating eyes (D:11)
  A hornet zombie (D:13)
  9 orc warriors
  8 ice beasts
  11 sky beasts
  A black bear (D:6)
  A meliai simulacrum (D:15)
  An eye of draining (D:11)
  A boggart (D:7)
  6 ogres
  A necrophage (D:9)
  4 phantoms
  10 centaurs
  2 big kobolds (D:7)
  11 bullfrogs
  A wyvern zombie (D:7)
  3 scorpions
  A wyvern skeleton (D:12)
  A killer bee (D:7)
  15 wights
  2 howler monkeys
  A centaur zombie (D:8)
  4 jellies
  5 hounds
  4 orc priests
  Crazy Yiuf (D:2)
  A bullfrog skeleton (D:11)
  5 centaur skeletons
  3 iguanas
  10 orc wizards
  26 worker ants
  A hound zombie (D:7)
  A hound skeleton (D:7)
  A worker ant zombie (D:9)
  Robin (D:4)
  3 gnolls (D:5)
  11 adders
  3 shadow imps
  6 white imps
  2 ufetubi
  3 oozes
  An adder zombie (D:8)
  2 adder skeletons
  3 worms
  3 dart slugs
  6 leopard geckos
  59 orcs
  7 giant cockroaches
  14 goblins
  9 hobgoblins
  15 jackals
  7 quokkas
  3 ball pythons
  7 bats
  4 frilled lizards
  A jackal skeleton (D:3)
  4 kobolds
  A quokka skeleton (D:5)
  4 rats
436 creatures vanquished.

Vanquished Creatures (others)
  A human (D:14)
  3 orcs (D:5)
  A fungus (D:2)
5 creatures vanquished.

Grand Total: 441 creatures vanquished

Notes
Turn   | Place    | Note
-------+----------+-------------------------------------------
     0 | D:1      | tardwrangler69 the Minotaur Fighter began the quest for the
                  | Orb.
     0 | D:1      | Reached XP level 1. HP: 19/19 MP: 0/0
   124 | D:1      | Reached XP level 2. HP: 26/27 MP: 1/1
   571 | D:2      | Found a glowing golden altar of the Shining One.
   671 | D:2      | Reached skill level 1 in Dodging
   691 | D:2      | Reached XP level 3. HP: 33/33 MP: 2/2
  1343 | D:2      | Reached skill level 4 in Fighting
  1449 | D:2      | Found a runed translucent door.
  1450 | D:2      | Noticed Crazy Yiuf
  1458 | D:2      | Killed Crazy Yiuf
  1459 | D:2      | Reached XP level 4. HP: 38/40 MP: 3/3
  1538 | D:2      | HP: 3/60 [orc/+0 trident (3)]
  1900 | D:3      | Found a runed translucent gate.
  1900 | D:3      | Found a runed translucent gate.
  1900 | D:3      | Noticed Thatpatchoflichen's ghost (weakling DsIE)
  1912 | D:3      | Found a runed translucent gate.
  1944 | D:3      | Reached XP level 5. HP: 46/46 MP: 4/4
  2827 | D:4      | Noticed Robin
  3035 | D:4      | Killed Robin
  3036 | D:4      | Reached XP level 6. HP: 52/52 MP: 5/5
  3532 | D:4      | Reached skill level 5 in Armour
  3535 | D:4      | Reached skill level 5 in Short Blades
  3646 | D:5      | Entered Level 5 of the Dungeon
  3726 | D:5      | Reached skill level 5 in Fighting
  4264 | D:5      | Found a staircase to the Ecumenical Temple.
  4343 | Temple   | Entered the Ecumenical Temple
  4549 | Temple   | Became a worshipper of Uskayaw the Reveller
  5155 | D:6      | Reached * piety under Uskayaw
  5157 | D:6      | Reached XP level 7. HP: 59/61 MP: 6/6
  5236 | D:6      | Reached ** piety under Uskayaw
  5242 | D:6      | Reached *** piety under Uskayaw
  5491 | D:6      | Reached XP level 8. HP: 66/70 MP: 7/7
  5536 | D:6      | Reached skill level 6 in Fighting
  5561 | D:6      | Reached **** piety under Uskayaw
  5566 | D:6      | Reached ***** piety under Uskayaw
  6414 | D:7      | Reached skill level 5 in Dodging
  6803 | D:7      | Reached skill level 7 in Fighting
  6858 | D:7      | Reached XP level 9. HP: 76/79 MP: 8/8
  7014 | D:7      | Noticed Joseph
  7017 | D:7      | Noticed Harold
  7033 | D:7      | Reached skill level 1 in Stealth
  7448 | D:7      | Noticed a two-headed ogre
  7462 | D:7      | Killed a two-headed ogre
  7512 | D:7      | Reached skill level 8 in Fighting
  7566 | D:7      | Identified the amulet "Jiaz" {Acrobat rElec Dex+4}
  7716 | D:7      | Killed Harold
  7717 | D:7      | Reached XP level 10. HP: 46/90 MP: 9/9
  7903 | D:7      | Killed Joseph
  7904 | D:7      | Reached skill level 5 in Stealth
  7952 | D:7      | Found a broken altar of Ashenzari.
  8212 | D:7      | Noticed Eustachio
  8227 | D:7      | Killed Eustachio
  8702 | D:8      | Reached skill level 9 in Fighting
  9458 | D:9      | Found an iron altar of Okawaru.
  9518 | D:9      | Found a radiant altar of Vehumet.
  9881 | D:10     | Entered Level 10 of the Dungeon
 10005 | D:10     | Noticed a two-headed ogre
 10005 | D:10     | Noticed a deep elf mage
 10014 | D:10     | Killed a two-headed ogre
 10015 | D:10     | Reached XP level 11. HP: 80/99 MP: 10/10
 10022 | D:10     | Killed a deep elf mage
 10118 | D:10     | Reached skill level 10 in Armour
 10172 | D:10     | Noticed a boulder beetle
 10179 | D:10     | Reached skill level 10 in Fighting
 10189 | D:10     | Killed a boulder beetle
 10591 | D:10     | Found Wylemy's General Store.
 10761 | D:11     | Reached ****** piety under Uskayaw
 10787 | D:11     | Killed an unseen horror
 11079 | D:11     | Noticed a deep elf annihilator
 11186 | D:11     | Found Soaffon's Antique Armour Boutique.
 11469 | D:11     | Found the +3 crown of Dyrovepreva {rElec Int+2 SInv}
 11469 | D:11     | Noticed a wizard
 11469 | D:11     | Noticed an orc sorcerer
 11489 | D:11     | Killed a wizard
 11514 | D:11     | Killed a deep elf annihilator
 11515 | D:11     | Reached skill level 11 in Fighting
 11515 | D:11     | Reached XP level 12. HP: 15/110 MP: 11/11
 11991 | D:11     | Found a staircase to the Orcish Mines.
 12127 | D:11     | Found a staircase to the Lair.
 12327 | D:12     | Reached skill level 10 in Short Blades
 12562 | D:12     | Noticed a boulder beetle
 12572 | D:12     | Killed a boulder beetle
 12665 | D:12     | Reached skill level 10 in Dodging
 12898 | D:12     | Noticed a two-headed ogre
 12909 | D:12     | Killed a two-headed ogre
 12951 | D:12     | Noticed Erolcha
 12966 | D:12     | Killed Erolcha
 13018 | D:12     | Reached skill level 10 in Stealth
 13028 | D:12     | Noticed Fannar
 13029 | D:12     | You fall into a shaft and drop 3 floors!
 13029 | D:15     | Entered Level 15 of the Dungeon
 13054 | D:15     | Noticed a centaur warrior
 13163 | D:14     | Noticed an eight-headed hydra
 13164 | D:14     | Noticed a six-headed hydra
 13188 | D:14     | Killed an eight-headed hydra
 13191 | D:14     | Killed a six-headed hydra
 13215 | D:14     | Noticed a centaur warrior
 13304 | D:14     | Reached skill level 12 in Fighting
 13528 | D:14     | Noticed a centaur warrior
 13536 | D:14     | Killed a centaur warrior
 13562 | D:14     | Got a faintly glowing lajatang
 13710 | D:14     | Noticed a boulder beetle
 13723 | D:14     | Killed a boulder beetle
 13778 | D:14     | Reached XP level 13. HP: 118/118 MP: 12/12
 14124 | D:13     | Noticed tardwrangler69's ghost (journeyman MiFi)
 14203 | D:13     | Noticed an entropy weaver
 14209 | D:13     | Noticed an entropy weaver
 14914 | D:12     | Killed Fannar
 15477 | D:12     | Killed an entropy weaver
 15478 | D:12     | Reached skill level 13 in Fighting
 15762 | D:13     | Found a runed translucent gate.
 15763 | D:13     | Found a runed translucent gate.
 15769 | D:13     | Found a runed translucent gate.
 16165 | D:14     | Found a gate to the Vaults.
 16165 | D:14     | Noticed Urug
 16165 | D:14     | Noticed Rupert
 16165 | D:14     | Noticed Nessos
 16623 | D:13     | Killed Rupert
 16787 | D:13     | Killed Nessos
 16987 | D:13     | Mangled by a catoblepas

Illustrated notes

Levels and vault maps discovered:
D:1:      psy_arrival_conway, layout_basic
D:2:      layout_loops_corners, tso_metal_star, uniq_crazy_yiuf_cottage
D:3:      layout_loops_corners, gammafunk_ghost_split
D:4:      layout_rooms, uniq_robin
D:5:      layout_loops_corners, lemuel_temple_firewalk_a, dk_noncrumbling_4
D:6:      layout_loops_ring
D:7:      minmay_the_grid_octo_tiled_octocenter [minmay_the_grid_octo_clover,
          minmay_the_grid_octo_vomiting_pacman,
          minmay_the_grid_octo_thin_diamonds, minmay_the_grid_octo_chip,
          minmay_the_grid_octo_prize_big_c, minmay_the_grid_square_5x5_eight,
          minmay_the_grid_square_5x5_detours,
          minmay_the_grid_square_5x5_inner_z,
          minmay_the_grid_square_5x5_minimal], layout_basic,
          nicolae_ashenzari_panopticon, sword_in_stone, uniq_harold, uniq_joseph
D:8:      layout_cave_pools
D:9:      layout_roguey, basic_altar, okawaru_humans
D:10:     layout_small_grid, serial_shops, nicolae_shop_statue_plus,
          minivault_23, nzn_sisyphean_effort
D:11:     cheibrodos_wizards_tower, layout_rooms, lair_entry_dummy,
          serial_shops, nicolae_shop_behind_doors,
          amcnicky_mini_rare_corridor_liquid, onia_ninara_cookie
D:12:     layout_roguey, uniq_erolcha, uniq_fannar
D:13:     layout_rooms, gammafunk_ghost_icy, hangedman_decor_slide_cut,
          minmay_another_anthill
D:14:     minmay_curly_fans, layout_small_grid, david_vaults_3, minivault_27
D:15:     grunt_enter_depths_snipers, layout_long_grid, minmay_curled_crystal,
          uniq_azrael
Temple:   minmay_crystal_snake_temple

Skill      XL: |  1  2  3  4  5  6  7  8  9 10 11 12 13 |
---------------+----------------------------------------+-----
Shields        | 4 |  4.0
Dodging        | 1 2 3 4 5 7 8 9 10 12 | 12.5
Short Blades   | 3 4 5 6 8 9 12 | 12.0
Armour         | 4 5 6 7 8 9 10 | 10.2
Fighting       | 4 5 7 8 9 11 12 13 | 13.9
Stealth        | 4 7 9 10 | 10.0

Action                   |  1- 3 |  4- 6 |  7- 9 | 10-12 | 13-15 || total
-------------------------+-------+-------+-------+-------+-------++-------
Melee: Rapier            |    17 |       |       |       |       ||    17
       Headbutt          |    13 |    18 |    47 |   176 |    68 ||   322
       Short sword       |    82 |   157 |   174 |   530 |   233 ||  1176
  Use: Potion            |       |     5 |       |     5 |     3 ||    13
       Scroll            |       |     4 |    13 |     1 |     2 ||    20
 Stab: Paralysed         |       |       |    11 |    20 |    33 ||    64
       Sleeping          |       |       |       |    20 |       ||    20
       Distracted        |       |       |       |     5 |       ||     5
Armor: Scale mail        |    36 |    56 |    21 |    59 |    84 ||   256
       Skin              |       |    34 |       |       |       ||    34
       Chain mail        |       |       |     6 |       |       ||     6
Dodge: Dodged            |    18 |    72 |    51 |   209 |   174 ||   524
Block: Kite shield       |    36 |    76 |    50 |   170 |   113 ||   445
